 Dungeon Crawl Stone Soup version 0.28.0-43-g3370ac3207 (webtiles) character file.

Game seed: 1520993614079487828

3136 ultragoat the Fighter (level 9, 0/97 HPs)
             Began as an Ogre Berserker on Mar 16, 2022.
             Was a Priest of Trog.
             Slain by a two-headed ogre
             ... wielding a +0 giant club
              (11 damage)
             ... on level 9 of the Dungeon on Mar 18, 2022.
             The game lasted 00:47:31 (12076 turns).

ultragoat the Fighter (Ogre Berserker)             Turns: 12076, Time: 00:47:32

Health: 0/97       AC:  6    Str: 27    XL:     9   Next: 92%
Magic:  9/9        EV: 11    Int:  8    God:    Trog [***...]
Gold:   148        SH:  0    Dex:  8    Spells: 8/8 levels left

rFire   . . .      SeeInvis .   o - +1 giant spiked club (flame)
rCold   . . .      Faith    .   (shield currently unavailable)
rNeg    + . .      Spirit   .   b - +0 animal skin
rPois   .          Reflect  .   (helmet restricted)
rElec   .          Harm     .   v - +2 cloak {Will+}
rCorr   +          Rampage  .   (gloves unavailable)
Will    +....                   (boots unavailable)
Stlth   +.........              (no amulet)
HPRegen 0.26/turn               i - ring of resist corrosion
MPRegen 0.11/turn               n - ring of positive energy

@: no status effects
A: large, unfitting armour, tough skin 1
a: Renounce Religion, Berserk, Trog's Hand


You were on level 9 of the Dungeon.
You worshipped Trog.
Trog was most pleased with you.
You visited 1 branch of the dungeon, and saw 9 of its levels.

You collected 417 gold pieces.
You spent 269 gold pieces at shops.

Inventory:

Hand Weapons
 o - a +1 giant spiked club of flaming (weapon)
 p - a +3 quarterstaff of chaos
Missiles
 g - 165 stones (quivered)
 j - a throwing net
Armour
 b - a +0 animal skin (worn)
 r - a scarf of invisibility
 v - a +2 cloak of willpower (worn)
Jewellery
 c - an amulet of guardian spirit
 i - a ring of resist corrosion (left hand)
 n - a ring of positive energy (right hand)
Wands
 a - a wand of mindburst (8)
 h - a wand of flame (17)
 k - a wand of iceblast (11)
Scrolls
 m - 3 scrolls of teleportation
Potions
 d - a potion of curing
 e - a potion of heal wounds
 l - a potion of resistance {unknown}
 q - a potion of mutation {unknown}
 t - a potion of ambrosia {unknown}
 u - a potion of brilliance {unknown}


   Skills:
 + Level 8.8 Fighting
 * Level 6.7(7.0) Maces & Flails
 - Level 3.4(5.8) Staves
 * Level 7.3 Throwing
 - Level 6.0 Dodging
 * Level 0.0 Evocations


You had 8 spell levels left.
You didn't know any spells.
Your spell library was empty.

Dungeon Overview and Level Annotations

Branches:
Dungeon (9/15)             Temple (0/1) D:6
   Lair: D:8-11         Orc: D:9-12

Altars:
Elyvilon
Gozag
Nemelex Xobeh
Sif Muna
Xom
The Shining One

Shops:
D:7 ??[[:


Innate Abilities, Weirdness & Mutations

You are too large for most types of armour.
You have tough skin. (AC +1)


Message History

You start resting.
Unknown command.
Unknown command.
Okay, then.
Okay, then.
Okay, then.
You see here 23 arrows.
Found a stone staircase leading up.
HP restored.
You see here 23 arrows.
g - 165 stones (gained 21) Done exploring.
Done exploring.
Okay, then.
There is a stone staircase leading down here.
You climb downwards.
There is a stone staircase leading up here.
Found 13 gold pieces.
A two-headed ogre comes into view. It is wielding two +0 giant clubs.
Found a leather armour.
The two-headed ogre shouts in stereo!
You bludgeon the two-headed ogre!! You burn the two-headed ogre!
The two-headed ogre is heavily wounded.
The two-headed ogre hits you with a +0 giant club!!
The two-headed ogre hits you with a +0 giant club!
You hit the two-headed ogre. You burn the two-headed ogre.
The two-headed ogre is severely wounded.
The two-headed ogre barely misses you.
The two-headed ogre hits you with a +0 giant club!!
You barely miss the two-headed ogre.
The two-headed ogre is severely wounded.
The two-headed ogre hits you with a +0 giant club.
The two-headed ogre hits you with a +0 giant club!
* * * LOW HITPOINT WARNING * * *
You sock the two-headed ogre! You burn the two-headed ogre.
The two-headed ogre is almost dead.
The two-headed ogre hits you with a +0 giant club.
* * * LOW HITPOINT WARNING * * *
The two-headed ogre hits you with a +0 giant club!
You die...

##### #...#
#.#.# # #<#@#
#.#####O#
#.#.......#.###
................
#.....$......[..
##########......
...... ######


You could see a two-headed ogre.

Vanquished Creatures
  Grinder (D:3)
  A wraith (D:7)
  2 water moccasins
  A sky beast (D:8)
  A black bear (D:4)
  3 ogres
  4 centaurs
  A phantom (D:6)
  2 bullfrogs (D:6)
  A wyvern zombie (D:8)
  3 scorpions
  2 water moccasin skeletons
  9 killer bees
  3 howler monkeys
  A centaur zombie (D:6)
  3 centaur skeletons
  2 hounds
  4 jellies
  Crazy Yiuf (D:3)
  2 orc priests
  7 iguanas
  3 orc wizards
  Terence (D:1)
  A hound skeleton (D:4)
  4 adders
  A shadow imp (D:6)
  2 white imps
  A worm (D:4)
  10 orcs
  9 ball pythons
  3 endoplasms (D:1)
  3 giant cockroaches
  7 goblins
  7 hobgoblins
  5 quokkas
  4 bats
  4 kobolds
  5 rats
  A bush (D:6)
125 creatures vanquished.

Vanquished Creatures (others)
  12 plants (D:5)
12 creatures vanquished.

Grand Total: 137 creatures vanquished

Notes
Turn   | Place    | Note
-------+----------+-------------------------------------------
     0 | D:1      | ultragoat the Ogre Berserker began the quest for the Orb.
     0 | D:1      | Reached XP level 1. HP: 24/24 MP: 1/1
   166 | D:1      | Reached XP level 2. HP: 30/32 MP: 2/2
   314 | D:1      | You fall into a shaft and drop 1 floor!
   401 | D:2      | Reached XP level 3. HP: 39/40 MP: 3/3
  1139 | D:2      | Noticed Terence
  1146 | D:1      | Killed Terence
  1147 | D:1      | Reached XP level 4. HP: 22/49 MP: 4/4
  1437 | D:2      | Reached skill level 5 in Fighting
  1646 | D:2      | Found a faded altar of an unknown god.
  1909 | D:2      | Reached XP level 5. HP: 57/57 MP: 5/5
  2516 | D:3      | Identified the amulet "Taabruocel" {Faith Harm *Slow rN+++
                  | Stlth+}
  2781 | D:3      | Noticed Grinder
  2788 | D:3      | Paralysed by Grinder for 5 turns
  2811 | D:3      | Killed Grinder
  2812 | D:3      | Reached XP level 6. HP: 8/67 MP: 6/6
  3235 | D:3      | Reached ** piety under Trog
  3411 | D:3      | Found a runed translucent door.
  3412 | D:3      | Noticed Crazy Yiuf
  3424 | D:3      | Killed Crazy Yiuf
  3425 | D:3      | Reached skill level 6 in Fighting
  3748 | D:4      | Noticed a black bear
  3759 | D:4      | Killed a black bear
  3760 | D:4      | Reached skill level 1 in Staves
  3760 | D:4      | Reached XP level 7. HP: 30/75 MP: 7/7
  5437 | D:5      | Entered Level 5 of the Dungeon
  5637 | D:5      | Reached XP level 8. HP: 64/84 MP: 8/8
  5828 | D:5      | Reached skill level 7 in Fighting
  6145 | D:5      | Found a shimmering blue altar of Sif Muna.
  6363 | D:5      | Reached skill level 5 in Throwing
  7011 | D:6      | Reached skill level 5 in Dodging
  7371 | D:6      | Reached skill level 5 in Maces & Flails
  7632 | D:6      | Reached *** piety under Trog
  7668 | D:6      | Reached XP level 9. HP: 80/94 MP: 9/9
  7797 | D:6      | HP: 3/94 [poisoned by a water moccasin]
  8430 | D:6      | Found a staircase to the Ecumenical Temple.
  8773 | D:7      | Reached skill level 8 in Fighting
  8795 | D:7      | Found Waxkupn's Armour Shop.
  9409 | D:7      | Found Rathinar's Book Shop.
  9513 | D:7      | Found Aqigimiont's Magic Scroll Shop.
  9521 | D:7      | Bought a scroll of teleportation for 45 gold pieces
  9521 | D:7      | Bought a scroll of enchant armour for 112 gold pieces
  9868 | D:7      | Found Rukosaur's Magic Scroll Boutique.
  9882 | D:7      | Bought a scroll of enchant weapon for 112 gold pieces
  9906 | D:7      | Found Uvvurch's Armour Shop.
 10151 | D:7      | Found a shimmering altar of Xom.
 11391 | D:8      | Found a sparkling altar of Nemelex Xobeh.
 11391 | D:8      | Found a white marble altar of Elyvilon.
 11395 | D:8      | Found a glowing golden altar of the Shining One.
 11395 | D:8      | Found an opulent altar of Gozag.
 12068 | D:9      | Noticed a two-headed ogre
 12076 | D:9      | Slain by a two-headed ogre

Illustrated notes

Levels and vault maps discovered:
D:1:      dpeg_arrival_simpleton_a, layout_loops_ring
D:2:      layout_loops_cross, chequers_ecumenical_altar_island, uniq_terence
D:3:      layout_loops_cross, uniq_grinder, uniq_crazy_yiuf_cottage
D:4:      layout_basic
D:5:      layout_loops_ring, mainiacjoe_overflow_catwalk,
          hangedman_abyss_or_decor_lesser_grid, serial_bayou_pond_c
D:6:      layout_basic, minmay_temple_entry_antechambers,
          kb_lookout_dungeons_type
D:7:      layout_loops_corners, kennysheep_mini_moat, serial_shops, shop, shop,
          kennysheep_little_box, nicolae_lakefront_shop,
          nicolae_shop_advertising_works [nicolae_subvault_shop_adworks],
          minivault_22
D:8:      layout_layer_cave, grunt_temple_overflow_open
D:9:      cheibrodos_wizards_tower, layout_basic, cheibriados_altar_1,
          serial_park_tiny_1, nicolae_concentric_dashed_squares_wild

Skill      XL: |  1  2  3  4  5  6  7  8  9 |
---------------+----------------------------+-----
Maces & Flails | 3 4 5 6 |  6.7
Dodging        | 3 4 5 6 |  6.0
Fighting       | 5 6 7 8 |  8.8
Throwing       | 2 3 4 5 7 |  7.3
Staves         | 1 2 3 |  3.4

Action                   |  1- 3 |  4- 6 |  7- 9 || total
-------------------------+-------+-------+-------++-------
Melee: Mace              |    71 |    65 |       ||   136
       Punch             |     2 |     2 |       ||     4
       Quarterstaff      |       |    13 |    44 ||    57
       Giant club        |       |       |    26 ||    26
       Giant spiked club |       |       |   196 ||   196
Throw: Stone             |       |    35 |    73 ||   108
Invok: Berserk           |       |     1 |     2 ||     3
       Trog's Hand       |       |       |     2 ||     2
Evoke: Wand              |       |       |    46 ||    46
  Use: Scroll            |     1 |     4 |    10 ||    15
       Potion            |       |     1 |     5 ||     6
 Stab: Sleeping          |     1 |       |       ||     1
Armor: Animal skin       |    29 |    20 |    93 ||   142
Dodge: Dodged            |    36 |    39 |   193 ||   268
